 Seeded DCSS version 0.30-a0-134-gb40fab5c76 (webtiles) character file.

Game seed: 17246712331252751712 (custom seed)

5684 wilfster70 the Spear-Bearer (level 10, -2/81 HPs)
             Began as a Demonspawn Fighter on Sept 19, 2022.
             Was an Initiate of Gozag.
             Killed by divine providence
             ... invoked by an orc priest
              (10 damage)
             ... on level 11 of the Dungeon.
             The game lasted 00:17:44 (9582 turns).

wilfster70 the Spear-Bearer (Demonspawn Fighter)    Turns: 9582, Time: 00:17:45

Health: -2/81      AC: 15    Str: 18 (19) XL:     10   Next: 47%
Magic:  19/19      EV:  4    Int: 12 (14) God:    Gozag
Gold:   1242       SH:  8    Dex: 12 (13) Spells: 9/9 levels left

rFire   + . .      SeeInvis +    b - +5 demon trident of Checkmate {freeze, rF+ Will- Str+3 SInv}
rCold   . . .      Faith    .    f - +0 kite shield
rNeg    . . .      Spirit   .    A - +0 plate armour
rPois   .          Reflect  .    (no helmet)
rElec   .          Harm     .    (no cloak)
rCorr   +          Rampage  .    (no gloves)
Will    .....                    (no boots)
Stlth   ..........               I - amulet of the acrobat
HPRegen 0.23/turn                e - ring of Hevoi {rCorr MP+9}
MPRegen 0.16/turn                (no ring)

@: mighty, brilliant, gold aura
A: claws 2, slimy green scales 1, demonic guardian 2
a: Renounce Religion, Potion Petition, Call Merchant, Bribe Branch


You were on level 11 of the Dungeon.
You worshipped Gozag.
Gozag was most pleased with you.
You visited 1 branch of the dungeon, and saw 11 of its levels.
You also visited: Sewer.

You collected 1296 gold pieces.
You paid 54 gold pieces to Gozag.

Inventory:

Hand Weapons
 a - the +4 trident of Xisip {freeze, rPois Str+3 Stlth+}
   (You acquired it on level 1 of the Dungeon)

   It freezes those it strikes, dealing additional cold damage.
   It can also slow down cold-blooded creatures.
   Str:       It affects your strength (+3).
   rPois:     It protects you from poison.
   Stlth:     It makes you more stealthy.
 b - the +5 demon trident of Checkmate (weapon) {freeze, rF+ Will- Str+3 SInv}
   (You acquired it in a sewer)

   It freezes those it strikes, dealing additional cold damage.
   It can also slow down cold-blooded creatures.
   Str:       It affects your strength (+3).
   rF:        It protects you from fire.
   SInv:      It lets you see invisible.
   Will:      It decreases your willpower.
 E - a +0 sling of flaming
Armour
 f - a +0 kite shield (worn)
 A - a +0 plate armour (worn)
Jewellery
 e - the ring of Hevoi (left claw) {rCorr MP+9}
   (You acquired it on level 1 of the Dungeon)

   [ring of magical power]

   MP:        It affects your magic capacity (+9).
   rCorr:     It protects you from acid and corrosion.
 I - an amulet of the acrobat (around neck)
Wands
 B - a wand of mindburst (3)
 D - a wand of paralysis (7)
Scrolls
 h - 2 scrolls of blinking {unknown}
 i - 6 scrolls of teleportation
 j - 5 scrolls of fog {unknown}
 k - 9 scrolls of identify {unknown}
 m - 2 scrolls of poison {unknown}
 n - 2 scrolls of amnesia {unknown}
 r - 3 scrolls of enchant weapon {unknown}
 t - 3 scrolls of summoning {unknown}
 u - a scroll of noise {unknown}
 v - 4 scrolls of magic mapping {unknown}
 y - 2 scrolls of fear {unknown}
 H - a scroll of silence {unknown}
 K - a scroll of enchant armour {unknown}
 L - a scroll of vulnerability {unknown}
Potions
 d - 2 potions of might
 g - 3 potions of lignification {unknown}
 l - 6 potions of curing
 o - a potion of cancellation {unknown}
 p - 4 potions of flight {unknown}
 q - a potion of magic {unknown}
 s - 4 potions of degeneration
 w - 3 potions of invisibility {unknown}
 x - 3 potions of heal wounds {unknown}
 z - a potion of resistance {unknown}
 C - 2 potions of mutation {unknown}
 G - 2 potions of attraction {unknown}


   Skills:
 + Level 8.3 Fighting
 * Level 10.2 Polearms
 + Level 7.6 Armour
 - Level 4.0 Shields


You had 9 spell levels left.
You didn't know any spells.
Your spell library contained the following spells:

 Spells                   Type           Power      Damage    Failure   Level
 Beastly Appendage        Tmut           0%         N/A       100%        1
 Foxfire                  Conj/Fire      0%         2x1d4     100%        1
 Sandblast                Erth           0%         2d4       100%        1
 Shock                    Conj/Air       0%         1d3       100%        1
 Blink                    Tloc           0%         N/A       100%        2
 Passwall                 Tmut/Erth      0%         N/A       100%        2
 Wereblood                Tmut           0%         N/A       100%        2
 Inner Flame              Hex/Fire       0%         N/A       100%        3
 Kindle Blastsparks       Fire/Tloc/Air  0%         2d10      100%        3
 Lesser Beckoning         Tloc           0%         N/A       100%        3
 Spider Form              Tmut/Pois      0%         N/A       100%        3
 Stone Arrow              Conj/Erth      0%         3d7       100%        3
 Flame Wave               Conj/Fire      0%         2d4       100%        4
 Manifold Assault         Tloc           0%         N/A       100%        4


Dungeon Overview and Level Annotations

Branches:
Dungeon (11/15)            Temple (0/1) D:7           Sewer (visited)
   Lair: D:8-11         Orc: D:9-12

Altars:
Ashenzari
Dithmenos
Gozag
Hepliaklqana
Kikubaaqudgha
Makhleb
Nemelex Xobeh
Ru
Sif Muna
Trog
Vehumet
Wu Jian


Innate Abilities, Weirdness & Mutations

You have very sharp fingernails.
You are partially covered in slimy green scales. (AC +2)
A demonic guardian rushes to your aid.


Message History

The orc wizard hits you but does no damage.
An orc warrior comes into view.
It is wielding a +0 long sword of flaming.
The warg bites you!
* * * LOW HITPOINT WARNING * * *
A demonic guardian appears!
You're too confused to move!
The orc wizard hits you but does no damage.
The orc hits you with a +0 club.
* * * LOW HITPOINT WARNING * * *
The warg bites you!
* * * LOW HITPOINT WARNING * * *
The orc wizard attacks as you move away!
The orc wizard hits you but does no damage.
You feel less confused. You block the orc's attack.
You feel very mighty all of a sudden. You block the warg's attack.
You block the orc wizard's attack.
The goblin hits your smoke demon but does no damage.
The orc priest barely misses your smoke demon.
The orc hits you but does no damage.
Your smoke demon hits the goblin.
The goblin dies!
It was a potion of degeneration.
There was something very wrong with that liquid.
You feel weakened.
You feel dopey.
You feel clumsy. The warg bites you.
* * * LOW HITPOINT WARNING * * *
The orc hits you but does no damage.
The orc priest barely misses your smoke demon.
You block the orc wizard's attack. You block the warg's attack.
Your smoke demon gestures at the warg.
The sticky flame hits the warg.
The warg is covered in liquid flames!
It was a potion of brilliance.
You feel clever all of a sudden.
The warg burns!
The warg is distracted by your dazzling golden aura.
You block the orc's attack.
The orc priest invokes the aid of Beogh against you.
Beogh smites you!
You die...
Your body crumbles into a pile of gold.

.##. # .
.#.#. ##
$##.#.....
##.#
#.#.#..#
...##.....g#
##..#.o#
#...#oo##
#..3ho#
#...#o@##
#.#.##.# #
.# #... ##
#####


You could see a warg (unaware, burning, ally target), an orc warrior, an orc
priest, an orc wizard, 2 orcs and a friendly smoke demon (summoned).

Vanquished Creatures
  A two-headed ogre (D:10)
  Joseph (D:7)
  A hornet (D:8)
  4 yaks (D:9)
  2 steam dragons
  An acid dragon (D:6)
  2 water moccasins
  An ice beast (D:6)
  2 black bears
  2 orc warriors
  4 kobold brigands
  A phantom (D:6)
  2 necrophages (D:5)
  3 bullfrogs
  A gnoll sergeant (D:8)
  A scorpion (D:5)
  4 wights (D:8)
  7 killer bees
  2 howler monkeys
  7 hounds
  2 jellies (D:6)
  6 orc priests
  A gnoll bouda (D:5)
  4 iguanas
  13 orc wizards
  9 gnolls (D:5)
  3 river rats
  11 adders
  A shadow imp (D:7)
  2 ufetubi
  3 worms
  4 dart slugs
  36 orcs
  6 ball pythons
  4 bats
  6 endoplasms
  8 giant cockroaches
  5 hobgoblins
  13 kobolds
  3 quokkas
  A frilled lizard (D:2)
  6 goblins
  5 rats
201 creatures vanquished.

Vanquished Creatures (collateral kills)
  A hornet (D:9)
  A black bear (D:5)
  2 orc wizards
  An adder (Sewer)
  3 orcs (D:8)
  A goblin (D:11)
9 creatures vanquished.

Grand Total: 210 creatures vanquished

Notes
Turn   | Place    | Note
-------+----------+-------------------------------------------
     0 | D:1      | wilfster70 the Demonspawn Fighter began the quest for the
                  | Orb.
     0 | D:1      | Reached XP level 1. HP: 18/18 MP: 1/1
    35 | D:1      | Reached skill level 2 in Polearms
    37 | D:1      | Identified a scroll of acquirement
    37 | D:1      | Acquired the ring of Hevoi {rCorr MP+9}
   152 | D:1      | Gained mutation: You are partially covered in slimy green
                  | scales. (AC +2) [demonic ancestry]
   152 | D:1      | Reached XP level 2. HP: 20/24 MP: 2/2
   261 | D:1      | Acquired the +4 trident of Xisip {freeze, rPois Str+3
                  | Stlth+}
   730 | D:2      | Gained mutation: A weak demonic guardian rushes to your
                  | aid. [demonic ancestry]
   730 | D:2      | Reached XP level 3. HP: 25/29 MP: 3/3
  1128 | D:2      | Found a faded altar of an unknown god.
  1304 | D:3      | Gained mutation: You have sharp fingernails. [demonic
                  | ancestry]
  1304 | D:3      | Reached XP level 4. HP: 12/35 MP: 4/4
  1487 | D:3      | Found a glowing drain.
  1567 | D:3      | Reached skill level 3 in Polearms
  1601 | Sewer    | Entered a sewer
  1623 | Sewer    | Reached XP level 5. HP: 39/42 MP: 5/5
  1642 | Sewer    | Acquired the +5 demon trident of Checkmate {freeze, rF+
                  | Will- Str+3 SInv}
  2084 | Sewer    | Reached XP level 6. HP: 33/48 MP: 6/6
  2103 | Sewer    | Reached skill level 4 in Polearms
  2415 | D:3      | You fall into a shaft and drop 2 floors!
  2415 | D:5      | Entered Level 5 of the Dungeon
  2486 | D:5      | Gained mutation: A demonic guardian rushes to your aid.
                  | [demonic ancestry]
  2486 | D:5      | Reached XP level 7. HP: 31/55 MP: 7/7
  2725 | D:5      | Reached skill level 5 in Polearms
  2907 | D:4      | Found a bloodstained altar of Trog.
  3203 | D:3      | Found a shimmering blue altar of Sif Muna.
  3215 | D:3      | Found an ancient bone altar of Kikubaaqudgha.
  3225 | D:3      | Found a radiant altar of Vehumet.
  3248 | D:3      | Got Vehumet's Parchment of Attacks
  3520 | D:3      | Reached skill level 5 in Fighting
  3548 | D:3      | Found a burning altar of Makhleb.
  3560 | D:3      | Found an opulent altar of Gozag.
  3564 | D:3      | Became a worshipper of Gozag Ym Sagoz the Greedy
  3628 | D:3      | Found an ornate altar of the Wu Jian Council.
  3884 | D:4      | Found a sacrificial altar of Ru.
  3976 | D:4      | Reached XP level 8. HP: 62/62 MP: 8/8
  4016 | D:5      | Reached skill level 6 in Polearms
  4222 | D:5      | Found a shadowy altar of Dithmenos.
  4246 | D:5      | Reached skill level 5 in Armour
  4668 | D:5      | Found a sparkling altar of Nemelex Xobeh.
  5002 | D:6      | Reached skill level 7 in Polearms
  5370 | D:6      | Gained mutation: You have very sharp fingernails. [demonic
                  | ancestry]
  5370 | D:6      | Reached XP level 9. HP: 70/70 MP: 9/9
  5987 | D:7      | Noticed Joseph
  6224 | D:7      | Killed Joseph
  6225 | D:7      | Reached skill level 8 in Polearms
  6713 | D:7      | Found a staircase to the Ecumenical Temple.
  7126 | D:8      | Found a broken altar of Ashenzari.
  7268 | D:8      | Reached skill level 9 in Polearms
  7884 | D:8      | Found a faded altar of an unknown god.
  7884 | D:8      | Found a hazy altar of Hepliaklqana.
  8129 | D:9      | Reached XP level 10. HP: 46/80 MP: 10/10
  9441 | D:10     | Entered Level 10 of the Dungeon
  9441 | D:10     | Noticed a two-headed ogre
  9445 | D:10     | Killed a two-headed ogre
  9446 | D:10     | Reached skill level 10 in Polearms
  9531 | D:10     | Noticed a cyclops
  9532 | D:10     | Found the +5 robe of Misfortune {Harm *Corrode *Slow EV+5}
  9550 | D:11     | Noticed a white ugly thing
  9582 | D:11     | Killed from afar by an orc priest

Illustrated notes

Levels and vault maps discovered:
D:1:      evilmike_arrival_plus, layout_rooms
D:2:      minmay_evil_eye, layout_loops_ring, ebering_ecumenical_altar_box
D:3:      layout_basic, palyth_temple_overflow_mages, nzn_wu_jian_contemplation,
          amethyst_overflow_temple_binary, portal_sewer_entry_c
D:4:      layout_basic, trog_book, nicolae_ru_great_annihilating_truth
D:5:      layout_loops_ring, nicolae_dithmenos_the_darkroom,
          overflow_temple_1_default
D:6:      layout_basic
D:7:      layout_loops_ring, minmay_temple_entry_poolview, uniq_joseph
D:8:      layout_loops_ring, mainiacjoe_overflow_cross_hatched,
          beargit_hepliaklqana_dungeon_heroes, grunt_ministairs_7,
          dk_noncrumbling_4
D:9:      layout_roguey, mainiacjoe_overflow_paths,
          nicolae_elyvilon_peaceful_grove
D:10:     layout_basic, nicolae_trove_entry_crossroad, pond, uniq_josephine
D:11:     layout_basic, dpeg_oklobed_lair, erik_orc_3

Skill      XL: |  1  2  3  4  5  6  7  8  9 10 |
---------------+-------------------------------+-----
Polearms       | 2 3 4 5 7 9 10 | 10.2
Armour         | 3 4 5 7 |  7.6
Shields        | 3 4 |  4.0
Fighting       | 4 5 6 7 8 |  8.3

Action                   |  1- 3 |  4- 6 |  7- 9 | 10-12 || total
-------------------------+-------+-------+-------+-------++-------
Melee: Trident           |    62 |    45 |       |       ||   107
       Demon trident     |       |    86 |   284 |   100 ||   470
  Use: Scroll            |     2 |     1 |       |     1 ||     4
       Potion            |       |       |     1 |     5 ||     6
 Stab: Invisible         |       |       |     2 |       ||     2
       Paralysed         |       |       |     1 |       ||     1
       Distracted        |       |       |       |     2 ||     2
Armor: Scale mail        |    23 |    40 |       |       ||    63
       Plate armour      |       |    14 |   161 |    63 ||   238
Dodge: Dodged            |    21 |    45 |    52 |    27 ||   145
Block: Buckler           |    14 |    22 |    54 |       ||    90
       Kite shield       |       |       |     5 |    58 ||    63

Table legend: (Time is in decaauts)
 A = Elapsed time spent in this place.
 B = Non-inter-level travel time spent in this place.
 C = Inter-level travel time spent in this place.
 D = Time resting spent in this place.
 E = Time spent auto-exploring this place.
 F = Levels seen in this place.
 G = Mean time per level.
                   A        B        C        D        E       F      G
               +--------+--------+--------+--------+--------+-----+--------+
         Total |   9703 |   9442 |    261 |   2447 |   3725 |  12 |  808.6 |
       Dungeon |   9071 |   8810 |    261 |   2199 |   3669 |  11 |  824.6 |
         Sewer |    632 |    632 |      0 |    248 |     56 |   1 |  632.0 |
               +--------+--------+--------+--------+--------+-----+--------+

Top non-repeatable levels by time:
     D:9: 1362 daAuts
     D:6: 1350 daAuts
     D:3: 1303 daAuts
     D:8: 1249 daAuts
     D:5: 1098 daAuts
     D:7: 700 daAuts
     D:1: 694 daAuts
   Sewer: 632 daAuts
     D:4: 596 daAuts
     D:2: 575 daAuts
    D:10: 102 daAuts
    D:11: 37 daAuts
